 Dungeon Crawl Stone Soup version 0.21-a0-529-g8c7b3f5 (webtiles) character file.

1157 Firecrotchwizard the Ruffian (level 8, -11/79 HPs)
             Began as a Troll Monk on Dec 10, 2017.
             Was a Priest of Okawaru.
             Mangled by an ogre
             ... wielding a +0 giant club
              (17 damage)
             ... on level 6 of the Dungeon.
             The game lasted 00:08:25 (4267 turns).

Firecrotchwizard the Ruffian (Troll Monk)           Turns: 4267, Time: 00:08:25

Health: -11/79     AC:  7    Str: 20    XL:     8   Next: 16%
Magic:  5/7        EV: 15    Int:  6    God:    Okawaru [***...]
Gold:   327        SH:  0    Dex: 14    Spells: 7/7 levels left

rFire    + . .     SeeInvis .     - Unarmed
rCold    . . .     Gourm    +   (no shield)
rNeg     . . .     Faith    .   a - +1 robe
rPois    .         Spirit   .   (helmet restricted)
rElec    .         Reflect  .   y - +0 cloak
rCorr    .         Harm     .   (gloves unavailable)
MR       .....                  (boots unavailable)
Stlth    +++.......             (no amulet)
HPRegen  0.63/turn              f - ring of protection from fire {rF+, !d}
MPRegen  0.10/turn              (no ring)

@: heroism
A: large, unfitting armour, claws 3, fast metabolism 3, gourmand, regeneration
1, shaggy fur 1, tough skin 2
a: Heroism, Renounce Religion


You were on level 6 of the Dungeon.
You worshipped Okawaru.
Okawaru was most pleased with you.
You were very full.

You visited 2 branches of the dungeon, and saw 7 of its levels.

You collected 327 gold pieces.

Inventory:

Hand Weapons
 r - a +3 dagger of venom
   (You found it on level 3 of the Dungeon)
Missiles
 q - a tomahawk of dispersal {=f}
Armour
 a - a +1 robe (worn)
 y - a +0 cloak (worn)
   (You found it on level 6 of the Dungeon)
Jewellery
 f - a ring of protection from fire (left claw) {rF+, !d}
   (You found it on level 4 of the Dungeon)
 x - an uncursed amulet of magic regeneration
   (You found it on level 5 of the Dungeon)
Wands
 m - a wand of iceblast (3)
   (You found it on level 5 of the Dungeon)
 s - a wand of flame (34)
   (You found it on level 3 of the Dungeon)
 A - a wand of digging (14)
   (You found it on level 6 of the Dungeon)
Scrolls
 e - 2 scrolls of magic mapping {!r}
 j - 4 scrolls of remove curse
 l - a scroll of amnesia
 u - a scroll of blinking {!r}
 v - a scroll of teleportation
 z - a scroll of enchant weapon
 B - a scroll of fear {unknown}
Potions
 g - 2 potions of agility
 h - 4 potions of curing
 k - 2 potions of berserk rage {!q}
 n - 2 potions of heal wounds {unknown}
 o - a potion of haste {unknown}
 p - a potion of resistance {unknown}
 t - a potion of might {unknown}
 w - a potion of degeneration {unknown}
Comestibles
 b - 7 bread rations {@e1}
 c - a fruit
 d - 8 meat rations {@e2}
 i - 2 royal jellies


   Skills:
 + Level 4.6(9.6) Fighting
 + Level 4.7(9.7) Dodging
 - Level 1.0(6.0) Stealth
 * Level 7.5(12.5) Unarmed Combat


You had 7 spell levels left.
You didn't know any spells.

Dungeon Overview and Level Annotations

Branches:
Dungeon (6/15)             Temple (1/1) D:4

Altars:
Ashenzari
Cheibriados
Dithmenos
Elyvilon
Fedhas
Gozag
Hepliaklqana
Kikubaaqudgha
Makhleb
Nemelex Xobeh
Okawaru
Qazlal
Sif Muna
Trog
Vehumet
Xom
Yredelemnul
Zin


Innate Abilities, Weirdness & Mutations

You are too large for most types of armour.
You have claws for hands.
Your metabolism is lightning-fast.
You like to eat raw meat.
Your natural rate of healing is unusually fast.
You are covered in fur. (AC +1)
You have very tough skin. (AC +2)


Message History

You start resting.
You feel like a meek peon again.
You start resting.
MP restored: 6
z - a scroll of enchant weapon
A - a wand of digging (14)
Found a stone staircase leading down.
Found a stone staircase leading down.
Found a stone staircase leading up.
Found an escape hatch in the floor.
A crimson imp comes into view.
You see here a meat ration {@e2}.
You closely miss the crimson imp. The crimson imp hits you.
You take 2 damage, and have 69/71 hp.
You claw the crimson imp! The crimson imp hits you.
You take 1 damage, and have 68/71 hp.
You completely miss the crimson imp. You scratch the crimson imp.
The crimson imp hits you but does no damage.
You scratch the crimson imp.
You kill the crimson imp!
Okawaru accepts your kill.
No target in view!
d - 8 meat rations {@e2} (gained 1)
There is an escape hatch in the floor here.
Found a stone staircase leading up.
Health restored: 71 You now have 327 gold pieces (gained 20).
You found a shaft!
There is a shaft here.
A bullfrog comes into view.
The helpless bullfrog fails to defend itself.
You mangle the bullfrog!! The bullfrog barely misses you.
You miss the bullfrog. Your claw misses the bullfrog. The bullfrog hits you.
The bullfrog hits you but does no damage.
You take 4 damage, and have 67/71 hp.
You completely miss the bullfrog.
The bullfrog hits you but does no damage.
You scratch the bullfrog. The bullfrog hits you.
You take 6 damage, and have 62/71 hp.
You scratch the bullfrog.
You kill the bullfrog!
Okawaru accepts your kill.
You have reached level 8!
You regained 8 hp, and now have 70/79 hp.
MP restored: 7
B - a scroll labeled LOUGIS EPNIORYIWN Health restored: 79
Things that are here:
a scythe; a robe
j - 4 scrolls of remove curse (gained 1)
An iguana comes into view.
The iguana hisses angrily.
The iguana bites you.
You take 3 damage, and have 76/79 hp.
You claw the iguana! The iguana closely misses you.
You claw the iguana!
You kill the iguana!
Okawaru accepts your kill.
No target in view!
You see here a robe.
You see here a chain mail. 3 jackals come into view.
Health restored: 79 The jackal barks! x3
The jackal bites you but does no damage.
You scratch the jackal. The jackal barely misses you.
The jackal closely misses you. x2
You mangle the jackal!!
You kill the jackal!
Okawaru accepts your kill. The jackal barely misses you. x2
A black bear comes into view.
The black bear growls angrily.
You claw the jackal!
You kill the jackal!
Okawaru accepts your kill. The jackal barely misses you.
You completely miss the jackal. The jackal misses you.
The jackal bites you but does no damage.
You mangle the jackal!!
You kill the jackal!
Okawaru accepts your kill. 2 ogres come into view.
You gain the combat prowess of a mighty hero.
The ogre shouts! x2
You now have 5/7 mp.
You mangle the black bear!!
You kill the black bear!
Okawaru accepts your kill. The ogre hits you with a giant club!!
You take 28 damage, and have 51/79 hp.
MASSIVE DAMAGE!!
You claw the ogre! The ogre hits you with a giant club!!
You take 23 damage, and have 28/79 hp.
MASSIVE DAMAGE!!
You claw the ogre! The ogre hits you with a giant club!!
* * * LOW HITPOINT WARNING * * *
The ogre hits you with a giant club!
You die...

######.# #..........
#>..... #..........
#.###.# #..........#
#.###.# #..........#
#.....# #..........#
#.#.#.# #..........#
#.#.#.#
#####.OO.......###.#.#.#
.......@................
#####...†......#######<#
#.......#####...# ###
#.....†.........######
...#####.........##...##
## ##.................
#...........##...##
#[8.........##...#
#[..........##...#


You could see 2 ogres.

Vanquished Creatures
  Sigmund (D:6)
  An ice beast (D:5)
  A black bear (D:6)
  An ogre (D:6)
  A bullfrog (D:6)
  A scorpion (D:5)
  A howler monkey (D:4)
  3 crimson imps
  A jelly (D:6)
  A centaur zombie (D:5)
  A hound (D:4)
  A bullfrog skeleton (D:5)
  An orc priest (D:5)
  3 iguanas
  3 worker ants
  3 gnolls (D:2)
  5 adders
  An ooze (D:4)
  A worm (D:2)
  2 dart slugs
  2 leopard geckos
  6 orcs
  7 giant cockroaches
  8 goblins
  6 hobgoblins
  10 jackals
  4 kobolds
  8 bats
  5 frilled lizards
  A leopard gecko skeleton (D:5)
  A quokka zombie (D:5)
  4 rats
95 creatures vanquished.

Notes
Turn   | Place    | Note
-------+----------+-------------------------------------------
     0 | D:1      | Firecrotchwizard the Troll Monk began the quest for the Orb.
     0 | D:1      | Reached XP level 1. HP: 22/22 MP: 0/0
   101 | D:1      | Reached XP level 2. HP: 29/29 MP: 1/1
   402 | D:2      | Found a stormy altar of Qazlal.
   453 | D:2      | Reached XP level 3. HP: 36/36 MP: 2/2
   518 | D:2      | Found a shadowy altar of Dithmenos.
   538 | D:2      | Found a shimmering altar of Xom.
   541 | D:2      | Found a shimmering altar of Xom.
   698 | D:2      | Found a shimmering altar of Xom.
   699 | D:2      | Found a shimmering altar of Xom.
   701 | D:2      | Found a shimmering altar of Xom.
   712 | D:2      | Reached skill level 4 in Unarmed Combat
   763 | D:2      | Reached XP level 4. HP: 44/44 MP: 3/3
   781 | D:2      | Reached skill level 3 in Dodging
   830 | D:2      | Reached skill level 3 in Fighting
  1076 | D:2      | Found a radiant altar of Vehumet.
  1446 | D:3      | Found an opulent altar of Gozag.
  2034 | D:4      | Reached XP level 5. HP: 50/53 MP: 4/4
  2098 | D:4      | Found a staircase to the Ecumenical Temple.
  2111 | Temple   | Entered the Ecumenical Temple
  2242 | Temple   | Became a worshipper of Warmaster Okawaru
  2242 | Temple   | Reached * piety under Okawaru
  2242 | Temple   | Reached ** piety under Okawaru
  2368 | D:4      | Reached skill level 5 in Unarmed Combat
  2630 | D:4      | Found a sparkling altar of Nemelex Xobeh.
  2835 | D:5      | Entered Level 5 of the Dungeon
  2881 | D:5      | Reached XP level 6. HP: 56/61 MP: 5/5
  3454 | D:5      | Reached skill level 6 in Unarmed Combat
  3503 | D:5      | Noticed an ice beast
  3518 | D:5      | Killed an ice beast
  3518 | D:5      | Reached skill level 4 in Fighting
  3518 | D:5      | Reached skill level 4 in Dodging
  3518 | D:5      | Reached XP level 7. HP: 33/70 MP: 3/6
  3732 | D:5      | Found a burning altar of Makhleb.
  3945 | D:6      | Noticed Sigmund
  3951 | D:6      | Killed Sigmund
  3951 | D:6      | Reached *** piety under Okawaru
  3976 | D:6      | Reached skill level 7 in Unarmed Combat
  4133 | D:6      | Reached XP level 8. HP: 70/79 MP: 7/7
  4267 | D:6      | HP: 6/79 [ogre/giant club (23)]
  4267 | D:6      | Mangled by an ogre

Vault maps used:
D:1:      lightli_arrival_chessboard, corexii_leaking_fountain
D:2:      kennysheep_big_flooded_room, nicolae_dithmenos_through_a_glass_darkly,
          lemuel_coloured_pillars_altar, nicolae_qazlal_general_emergency,
          first_bread, xom_redecorated
D:3:      grunt_gozag_breadcrumbs
D:4:      kennysheep_mini_moat, minmay_temple_entry_glass
D:5:      makhleb_grotto_becter, minmay_fountain_box
D:6:      mrwooster_statue_mirror, uniq_sigmund
Temple:   oiseaux_autumnal_temple

Skill      XL: |  1  2  3  4  5  6  7 |
---------------+----------------------+-----
Unarmed Combat | 4 5 6 7 |  7.5
Dodging        | 3 4 |  4.7
Fighting       | 3 4 |  4.6
Stealth        | |  1.0

Action                   |  1- 3 |  4- 6 |  7- 9 || total
-------------------------+-------+-------+-------++-------
Melee: Unarmed           |    66 |   149 |    34 ||   249
       Punch             |     2 |     6 |       ||     8
Invok: Heroism           |       |     1 |     3 ||     4
  Use: Scroll            |       |    11 |       ||    11
 Stab: Sleeping          |     3 |     2 |     1 ||     6
  Eat: Chunk             |    12 |    26 |     4 ||    42
Armor: Robe              |    23 |    45 |     9 ||    77
Dodge: Dodged            |    28 |    66 |    12 ||   106

Table legend:
 A = Spawn XP
 B = Non-spawn XP
 C = Spawn XP percentage of total XP
 D = Spawn monster count
 E = Non-spawn monster count
 F = Spawn count percentage of total count
 G = Total turns spent on level
                    A         B        C        D         E        F      G
               +---------+---------+-------+---------+---------+-------+---------
         Total |       0 |    1653 |   0.0 |       0 |      95 |   0.0 |  4267
               +---------+---------+-------+---------+---------+-------+---------
           D:1 |       0 |      36 |   0.0 |       0 |      21 |   0.0 |   380
           D:2 |       0 |     115 |   0.0 |       0 |      16 |   0.0 |   787
           D:3 |       0 |      43 |   0.0 |       0 |      16 |   0.0 |   849
           D:4 |       0 |     178 |   0.0 |       0 |       9 |   0.0 |   660
           D:5 |       0 |     523 |   0.0 |       0 |      21 |   0.0 |   979
           D:6 |       0 |     758 |   0.0 |       0 |      12 |   0.0 |   453
               +---------+---------+-------+---------+---------+-------+---------

Vault maps used:
D:1:      lightli_arrival_chessboard, corexii_leaking_fountain
D:2:      kennysheep_big_flooded_room, nicolae_dithmenos_through_a_glass_darkly,
          lemuel_coloured_pillars_altar, nicolae_qazlal_general_emergency,
          first_bread, xom_redecorated
D:3:      grunt_gozag_breadcrumbs
D:4:      kennysheep_mini_moat, minmay_temple_entry_glass
D:5:      makhleb_grotto_becter, minmay_fountain_box
D:6:      mrwooster_statue_mirror, uniq_sigmund
Temple:   oiseaux_autumnal_temple

Table legend:
 A = Turns spent in this place as a percentage of turns spent in the entire game.
 B = Non-inter-level travel turns spent in this place as a percentage of non-inter-level travel turns spent in the entire game.
 C = Inter-level travel turns spent in this place as a percentage of turns spent in this place.
 D = Turns resting spent in this place as a percentage of non-inter-level travel turns spent in this place.
 E = Turns spent auto-exploring this place as a percentage of non-inter-level travel turns spent in this place.
 F = Non-inter-level travel turns spent in this place divided by the number of levels of this place that you've seen.
                   A       B       C       D       E      F
               +-------+-------+-------+-------+-------+----------------------
         Total | 100.0 | 100.0 |   4.4 |   5.3 |  79.0 | 583.0
       Dungeon |  96.3 |  97.0 |   3.6 |   5.5 |  78.4 | 659.8
        Temple |   3.7 |   3.0 |  23.3 |   0.0 |  98.4 | 122.0
               +-------+-------+-------+-------+-------+----------------------

Table legend:
 A = Kills in this place as a percentage of kills in entire the game.
 B = Kills by you in this place as a percentage of kills by you in the entire game.
 C = Kills by friends in this place as a percentage of kills by friends in the entire game.
 D = Other kills in this place as a percentage of other kills in the entire game.
 E = Experience gained in this place as a percentage of experience gained in the entire game.
 F = Experience gained in this place divided by the number of levels of this place that you have seen.
                   A       B       C       D       E      F
               +-------+-------+-------+-------+-------+----------------------
         Total | 100.0 | 100.0 |   N/A |   N/A | 100.0 | 236.1
       Dungeon | 100.0 | 100.0 |   N/A |   N/A | 100.0 | 275.5
               +-------+-------+-------+-------+-------+----------------------
